 Dungeon Crawl Stone Soup version 0.23.0 (webtiles) character file.

Game seed: 11282022658432030106

107 xccam the Ruffian (level 4, 0/35 HPs)
             Began as a Draconian Transmuter on Feb 18, 2019.
             Was a Believer of Uskayaw.
             Slain by a centaur (4 damage)
             ... on level 3 of the Dungeon.
             The game lasted 00:04:13 (2289 turns).

xccam the Ruffian (Draconian Transmuter)            Turns: 2289, Time: 00:04:13

Health: 0/35       AC:  5    Str: 13    XL:     4   Next: 57%
Magic:  7/7        EV: 13    Int: 13    God:    Uskayaw [**....]
Gold:   112        SH:  0    Dex: 12    Spells: 4/7 levels left

rFire    . . .     SeeInvis .     - Unarmed
rCold    . . .     Gourm    .   (no shield)
rNeg     . . .     Faith    .   (armour unavailable)
rPois    .         Spirit   .   (helmet restricted)
rElec    .         Reflect  .   (no cloak)
rCorr    .         Harm     .   (no gloves)
MR       .....                  (no boots)
Stlth    +.........             (no amulet)
HPRegen  0.11/turn              m - +1 ring of evasion
MPRegen  0.10/turn              (no ring)

@: no status effects
A: unfitting armour, cold-blooded, AC +5
a: Stomp, Line Pass, Renounce Religion


You were on level 3 of the Dungeon.
You worshipped Uskayaw.
Uskayaw was noncommittal.
You were hungry.

You visited 1 branch of the dungeon, and saw 3 of its levels.

You collected 112 gold pieces.

Inventory:

Missiles
 a - 12 arrows
Jewellery
 m - a +1 ring of evasion (left hand)
 o - an uncursed ring of resist corrosion {unknown}
Scrolls
 d - 2 scrolls of enchant armour {unknown}
 f - 2 scrolls of identify {unknown}
 g - 3 scrolls of teleportation {unknown}
 h - a scroll of magic mapping {unknown}
Potions
 b - a potion of lignification {unknown}
 e - a potion of resistance {unknown}
 i - a potion of curing {unknown}
 j - a potion of heal wounds {unknown}
 k - a potion of agility {unknown}
 l - a potion of haste {unknown}
 n - 2 potions of brilliance {unknown}
 p - a potion of berserk rage {unknown}
 q - a potion of invisibility {unknown}
Comestibles
 c - 3 rations


   Skills:
 - Level 1.1 Fighting
 - Level 1.7 Dodging
 + Level 4.8 Unarmed Combat
 - Level 2.0 Spellcasting
 + Level 3.1 Transmutations


You had 4 spell levels left.
You knew the following spells:

 Your Spells              Type           Power        Failure   Level  Hunger
a - Beastly Appendage     Tmut           #.....       7%          1    ##.....
b - Sticks to Snakes      Tmut           #.......     11%         2    ###....

Your spell library contained the following spells:

 Spells                   Type           Power        Failure   Level  Hunger
 Spider Form              Tmut/Pois      #.........   38%         3    ####...
 Ice Form                 Ice/Tmut       #.......     80%         4    #####..
 Blade Hands              Tmut           #.........   89%         5    ######.


Dungeon Overview and Level Annotations

Branches:
Dungeon (3/15)

Altars:
Uskayaw


Innate Abilities, Weirdness & Mutations

Your plain brown scales are hard. (AC +5)
You cannot fit into any form of body armour.
You are cold-blooded and may be slowed by cold attacks.


Message History

You kill the goblin!
The centaur barely misses you. The orc hits you but does no damage.
You barely miss the centaur. The centaur misses you.
The orc hits you but does no damage. The centaur barely misses you.
You hit the centaur.
The centaur is lightly wounded.
The centaur closely misses you. The orc hits you but does no damage.
You hit the centaur.
The centaur is heavily wounded.
The centaur hits you. The centaur hits you!
* * * LOW HITPOINT WARNING * * *
You can now pass through a line of other dancers.
You hit the centaur.
The centaur is severely wounded.
The centaur hits you.
* * * LOW HITPOINT WARNING * * *
You hit the centaur.
The centaur is almost dead.
The centaur hits you.
You die...

############
#####..........#
#.......<.####.# ###
#.###.###.# #)# #.. ..##
#.####.# #.# ..# #......#
######.###..##.########.#
.%.....!@#...........##.#
#.#
#####...c)..............
#.# #.#<#.###.#####.##.#
#.# #.#.#.# # ##.# #.#
#####.#.#.# #.#... #.#
#........[## #####.#..#
#(# #.##.........
.........# #.#
#.##..#.##### .........#
#.####.##..#...
..........


You could see a centaur.

Vanquished Creatures
  5 adders
  2 oozes (D:1)
  A worm (D:2)
  2 dart slugs
  3 leopard geckos
  3 giant cockroaches
  7 hobgoblins
  A quokka (D:3)
  2 ball pythons (D:2)
  3 bats (D:1)
  4 frilled lizards
  5 goblins
  5 kobolds
  2 rats
45 creatures vanquished.

Notes
Turn   | Place    | Note
-------+----------+-------------------------------------------
     0 | D:1      | xccam the Draconian Transmuter began the quest for the Orb.
     0 | D:1      | Reached XP level 1. HP: 16/16 MP: 3/3
   384 | D:1      | Reached XP level 2. HP: 23/23 MP: 5/5
   553 | D:1      | Reached skill level 4 in Unarmed Combat
   625 | D:1      | Learned a level 2 spell: Sticks to Snakes
   874 | D:1      | Reached XP level 3. HP: 25/28 MP: 6/6
  1142 | D:2      | Found a faded altar of an unknown god.
  1145 | D:2      | Became a worshipper of Uskayaw the Reveler
  1145 | D:2      | Reached * piety under Uskayaw
  1500 | D:2      | Reached ** piety under Uskayaw
  1570 | D:2      | Reached XP level 4. HP: 31/35 MP: 7/7
  2276 | D:3      | Noticed a centaur
  2289 | D:3      | Slain by a centaur

Skill      XL: |  1  2  3  4 |
---------------+-------------+-----
Unarmed Combat | 4 |  4.8
Transmutations | 3 |  3.1
Fighting       | |  1.1
Dodging        | |  1.7
Spellcasting   | |  2.0

Action                   |  1- 3 |  4- 6 || total
-------------------------+-------+-------++-------
Melee: Unarmed           |   138 |    70 ||   208
       Tailslap          |    17 |     4 ||    21
       Punch             |     1 |     1 ||     2
Invok: Stomp             |     1 |       ||     1
 Stab: Sleeping          |     2 |       ||     2
  Eat: Chunk             |     1 |     3 ||     4
Armor: Skin              |    45 |    13 ||    58
Dodge: Dodged            |    85 |    49 ||   134
